 Dungeon Crawl Stone Soup version 0.22-a0-776-ge6d7efa (webtiles) character file.

258 Hebeh the Magician (level 5, -8/28 HPs)
             Began as a Deep Elf Fire Elementalist on July 18, 2018.
             Mangled by a hippogriff (10 damage)
             ... on level 4 of the Dungeon.
             The game lasted 00:15:43 (4438 turns).

Hebeh the Magician (Deep Elf Fire Elementalist)     Turns: 4438, Time: 00:15:44

Health: -8/28      AC:  4    Str:  5    XL:     5   Next: 94%
Magic:  9/14       EV: 13    Int: 21    God:
Gold:   155        SH:  0    Dex: 15    Spells: 7/13 levels left

rFire    . . .     SeeInvis .   (no weapon)
rCold    . . .     Gourm    .   (no shield)
rNeg     . . .     Faith    .   i - +0 robe
rPois    .         Spirit   .   (no helmet)
rElec    .         Reflect  .   g - +1 cloak
rCorr    .         Harm     .   (no gloves)
MR       .....                  (no boots)
Stlth    ++........             (no amulet)
HPRegen  0.09/turn              (no ring)
MPRegen  0.14/turn              (no ring)

@: no status effects
A: no striking features
a: no special abilities


You were on level 4 of the Dungeon.
You were not hungry.

You visited 1 branch of the dungeon, and saw 4 of its levels.

You collected 155 gold pieces.

Inventory:

Hand Weapons
 a - a +0 short sword
Missiles
 d - 104 stones (quivered)
 l - 35 sling bullets
 n - 8 tomahawks
 s - 12 bolts
Armour
 g - a +1 cloak (worn)
 i - a +0 robe (worn)
 j - a +0 buckler
 o - +0 acid dragon scales
Wands
 r - a wand of acid (11)
 w - a wand of random effects (22)
Scrolls
 k - a scroll of identify
 m - 2 scrolls of remove curse
 p - a scroll of enchant armour
Potions
 b - a potion of might {unknown}
 e - 2 potions of flight
 f - 2 potions of invisibility
 h - a potion of heal wounds {unknown}
 q - a potion of cancellation
 t - a potion of mutation {unknown}
 u - a potion of curing {unknown}
Comestibles
 c - 6 rations


   Skills:
 - Level 2.4 Dodging
 - Level 2.4 Stealth
 + Level 4.8 Spellcasting
 * Level 4.6 Conjurations
 + Level 4.6 Fire Magic


You had 7 spell levels left.
You knew the following spells:

 Your Spells              Type           Power        Failure   Level  Hunger
a - Flame Tongue          Conj/Fire      ###..        1%          1    None
b - Throw Flame           Conj/Fire      ###...       2%          2    None
c - Conjure Flame         Conj/Fire      ###.....     4%          3    ##.....

Your spell library contained the following spells:

 Spells                   Type           Power        Failure   Level  Hunger
 Fireball                 Conj/Fire      ###.......   41%         5    #####..
 Sticky Flame             Conj/Fire      ###.....     16%         4    ####...
 Inner Flame              Hex/Fire       ##......     13%         3    ##.....


Dungeon Overview and Level Annotations

Branches:
Dungeon (4/15)
 Temple: D:4-7

Altars:
Beogh

Annotations:
D:3 3 runed doors, Amnesiac's ghost, weakling DsEE


Message History

Aiming: Flame Tongue (safe; 1% risk of failure)
Press: ? - help, Shift-Dir - straight line, f/p - hippogriff
Aim: a hippogriff The flame tongue hits the hippogriff.
The hippogriff is moderately wounded.
The hippogriff bites you!
* * * LOW HITPOINT WARNING * * *
The hippogriff pecks you.
* * * LOW HITPOINT WARNING * * *
The hippogriff claws you.
* * * LOW HITPOINT WARNING * * *
Casting: Flame Tongue (safe; 1% risk of failure)
Confirm with . or Enter, or press ? or * to list all spells.
Aiming: Flame Tongue (safe; 1% risk of failure)
Press: ? - help, Shift-Dir - straight line, f/p - hippogriff
Aim: a hippogriff (moderately wounded)
The flame tongue hits the hippogriff.
The hippogriff is heavily wounded.
The hippogriff bites you!
You die...

#.# #.# #.# ..# #.#
#..# # #.# #.# ...
....###.### #..##
......)...# ....
###.###.#.#
######..#####.###.#.#
#.....H.....#.....#.#
#@###.#)#####.#
#.##..........#
#..#..#.#######
##.#..#.# #....#.#
##...#.# #.....#
##....# +....#


You could see a hippogriff.

Vanquished Creatures
  An orc wizard (D:3)
  Natasha (thrice) (D:3)
  A worker ant (D:4)
  5 adders
  An ooze (D:2)
  2 worms
  3 dart slugs
  A leopard gecko (D:2)
  4 orcs (D:3)
  A ball python (D:3)
  9 bats
  4 giant cockroaches
  7 goblins
  8 hobgoblins
  4 kobolds
  7 frilled lizards
  13 rats
74 creatures vanquished.

Notes
Turn   | Place    | Note
-------+----------+-------------------------------------------
     0 | D:1      | Hebeh the Deep Elf Fire Elementalist began the quest for the Orb.
     0 | D:1      | Reached XP level 1. HP: 10/10 MP: 6/6
   199 | D:1      | Reached XP level 2. HP: 15/15 MP: 6/8
  1309 | D:2      | Reached XP level 3. HP: 11/19 MP: 1/10
  1905 | D:2      | Reached XP level 4. HP: 19/24 MP: 7/11
  2562 | D:2      | Learned a level 2 spell: Throw Flame
  2566 | D:2      | Learned a level 3 spell: Conjure Flame
  2640 | D:3      | Noticed Natasha
  2643 | D:3      | Killed Natasha
  2716 | D:3      | Noticed Natasha
  2729 | D:3      | Killed Natasha
  2729 | D:3      | Reached XP level 5. HP: 17/28 MP: 0/13
  3308 | D:3      | Noticed Natasha
  3312 | D:3      | Killed Natasha
  3947 | D:3      | Found a runed gate.
  3948 | D:3      | Found a runed gate.
  3949 | D:3      | Found a runed gate.
  3949 | D:3      | Noticed Amnesiac's ghost (weakling DsEE)
  4024 | D:3      | Found a roughly hewn altar of Beogh.
  4433 | D:4      | Noticed a hippogriff
  4438 | D:4      | Mangled by a hippogriff

Vault maps used:
D:1:      saegor_arrival_miasma
D:2:      serial_forest, infiniplex_forest_clump_medium,
          infiniplex_forest_clump_small, infiniplex_forest_clump_medium,
          infiniplex_forest_clump_double, infiniplex_forest_end_1,
          infiniplex_forest_clump_small
D:3:      biasface_ghost_orc_armoury, uniq_natasha
D:4:      minmay_misc_feat_tiny

Skill      XL: |  1  2  3  4  5 |
---------------+----------------+-----
Conjurations   | 2 3 4 |  4.6
Spellcasting   | 4 |  4.8
Fire Magic     | 4 |  4.6
Dodging        | |  2.4
Stealth        | |  2.4

Action                   |  1- 3 |  4- 6 || total
-------------------------+-------+-------++-------
Melee: Short sword       |    17 |       ||    17
Throw: Stone             |    14 |    37 ||    51
 Cast: Flame Tongue      |    55 |    69 ||   124
       Throw Flame       |       |    18 ||    18
       Conjure Flame     |       |     1 ||     1
  Use: Scroll            |     4 |     6 ||    10
  Eat: Chunk             |     2 |     6 ||     8
       Ration            |       |     1 ||     1
Armor: Robe              |     1 |       ||     1
       Acid dragon scale |    26 |    11 ||    37
Dodge: Dodged            |    50 |    27 ||    77

Table legend:
 A = Spawn XP
 B = Non-spawn XP
 C = Spawn XP percentage of total XP
 D = Spawn monster count
 E = Non-spawn monster count
 F = Spawn count percentage of total count
 G = Total turns spent on level
                    A         B        C        D         E        F      G
               +---------+---------+-------+---------+---------+-------+---------
         Total |       0 |     369 |   0.0 |       0 |      74 |   0.0 |  4438
               +---------+---------+-------+---------+---------+-------+---------
           D:1 |       0 |      37 |   0.0 |       0 |      24 |   0.0 |  1241
           D:2 |       0 |     101 |   0.0 |       0 |      24 |   0.0 |  1469
           D:3 |       0 |     182 |   0.0 |       0 |      23 |   0.0 |  1347
           D:4 |       0 |      49 |   0.0 |       0 |       3 |   0.0 |   381
               +---------+---------+-------+---------+---------+-------+---------
